AoeStats
← 战歌

Nomad

510699878Analyzed
4v4 RM · 20h ago on Oct 2, 2026· 39m 15s· 8 players
Game mode
Random Map
Map size
231×231
Population
200
Speed
Normal
Resources
Standard
Victory
Conquest
Starting age
Dark Age
Ending age
Imperial Age
RankedLock teamsTeams togetherTeam positionsShared explorationLock speedFull tech treeHidden civsTurbo modeCheats
Victory
Defeat
🇪🇸 Persians · Spain
1399
+13
🇨🇳 Japanese · China
1372
+14
🇨🇳 Mongols · China
1368
+14
🇨🇳 Turks · China
1343
+14
🇨🇳 Persians · China
1384
-17
🇨🇱 Malay · Chile
1357
-15
🇨🇳 Koreans · China
1277
-12
🇨🇳 Burgundians · China
1263
-11
Nomore
4:45 Loom
15:13 Feudal Age
15:45 Double-Bit Axe
17:01 Fishing Lines
18:59 Wheelbarrow
18:09 Town Watch
18:15 Horse Collar
22:47 Castle Age
21:13 Gold Mining
23:57 Medium Warships
25:12 Gillnets
25:45 Bloodlines
25:36 Husbandry
25:58 Bow Saw
26:06 Stone Mining
26:41 Heavy Plow
27:20 Gold Shaft Mining
27:42 Hand Cart
35:26 Imperial Age
33:26 Fletching
33:36 Padded Archer Armor
34:07 Bodkin Arrow
34:51 Ballistics
35:35 Leather Archer Armor
36:41 Conscription
37:18 Bracer
39:41 Chemistry
38:52 Masonry
Ponfe
5:17 Loom
11:53 Feudal Age
16:40 Castle Age
14:54 Double-Bit Axe
15:47 Fishing Lines
20:18 Bow Saw
20:06 Gillnets
20:51 Horse Collar
23:07 Heavy Plow
25:53 Wheelbarrow
25:15 Gold Mining
30:40 Imperial Age
28:27 Hand Cart
27:58 Town Watch
28:38 Scale Barding Armor
28:43 Forging
29:06 Stone Mining
29:43 Chain Barding Armor
29:35 Bloodlines
29:26 Husbandry
30:13 Gold Shaft Mining
31:07 Iron Casting
30:26 Cavalier
31:45 Plate Barding Armor
32:30 Iron Casting
33:53 Town Patrol
35:48 Blast Furnace
34:51 Savar
37:29 Heavy Camel Rider
战歌
4:42 Loom
14:18 Feudal Age
15:09 Double-Bit Axe
15:25 Gold Mining
18:09 Forging
21:41 Fishing Lines
24:31 Castle Age
22:57 Fletching
25:15 Wheelbarrow
25:26 Medium Warships
24:42 Demolition Ship
29:09 Bow Saw
30:16 Bodkin Arrow
31:11 Clinker Construction
32:51 Hand Cart
34:13 Pikeman
37:52 Imperial Age
37:43 Stone Mining
38:28 Gold Shaft Mining
37:58 Scale Mail Armor
38:30 Halberdier
39:10 Squires
38:56 Arson
会走位
6:18 Loom
15:26 Feudal Age
15:53 Double-Bit Axe
18:34 Gold Mining
20:48 Castle Age
20:01 Stone Mining
22:07 Bow Saw
22:32 Fishing Lines
23:51 Wheelbarrow
25:16 Hand Cart
27:04 Horse Collar
33:38 Imperial Age
33:02 Fletching
36:03 Conscription
37:00 Heavy Cavalry Archer
37:47 Thumb Ring
38:04 Ballistics
38:39 Scale Barding Armor
38:45 Forging
39:46 Chain Barding Armor
39:39 Bloodlines
feto
5:03 Loom
5:26 Loom
13:18 Feudal Age
15:21 Wheelbarrow
20:34 Castle Age
20:26 Medium Warships
21:56 Fletching
22:18 Forging
22:25 Double-Bit Axe
28:06 Horse Collar
28:14 Town Watch
29:30 Scale Barding Armor
30:20 Town Patrol
33:37 Hand Cart
38:15 Imperial Age
37:28 Pikeman
puting
4:58 Loom
14:04 Feudal Age
14:34 Double-Bit Axe
17:51 Castle Age
18:37 Bow Saw
20:24 Medium Warships
19:54 Fishing Lines
20:06 Gold Mining
23:13 Horse Collar
24:30 Heavy Plow
28:22 Town Watch
29:16 Wheelbarrow
31:58 Gold Shaft Mining
31:39 Scale Barding Armor
31:52 Forging
33:12 Stone Mining
34:23 Hand Cart
36:44 Imperial Age
34:54 Bloodlines
35:14 Chain Barding Armor
34:57 Husbandry
36:47 Iron Casting
37:03 Stone Shaft Mining
36:28 Heavy Camel Rider
666
4:45 Loom
10:09 Double-Bit Axe
13:26 Fishing Lines
19:42 Feudal Age
20:37 Bow Saw
21:20 Gold Mining
21:22 Stone Mining
26:04 Castle Age
25:54 Gold Shaft Mining
25:38 Forging
25:33 Scale Barding Armor
27:23 Gillnets
31:14 Imperial Age
30:08 Two-Man Saw
30:12 Horse Collar
33:29 Iron Casting
苟住
5:06 Loom
13:44 Feudal Age
17:58 Castle Age
16:30 Double-Bit Axe
16:37 Horse Collar
17:45 Gold Mining
20:50 Bow Saw
21:02 Fishing Lines
21:40 Stone Mining
24:53 Heavy Plow
25:29 Town Watch
26:16 Fletching
26:55 Bodkin Arrow
27:51 Wheelbarrow
32:00 Imperial Age
30:38 Forging
33:10 Hand Cart
32:58 Bracer
34:07 Two-Man Saw
33:56 Conscription
34:12 Scale Mail Armor
34:32 Pikeman
35:59 Halberdier
36:39 Elite War Wagon
38:05 Chain Mail Armor
39:15 Iron Casting
40:00 Plate Mail Armor
Connection lost

Rejoining the realm…

Still unreachable

The connection could not be restored.

Session expired

The server has moved on; the page needs a fresh start.